 Dungeon Sprint DCSS version 0.17-a0-1939-ga475588 (webtiles) character file.

20220 pipel the Stormcaller (level 12, -12/86 HPs)
             Began as an Octopode Air Elementalist on Sept 29, 2015.
             Was the Champion of Vehumet.
             Mangled by a deep troll earth mage (20 damage)
             ... in the Dungeon (Sprint IX: "|||||||||||||||||||||||||||||").
             The game lasted 00:25:43 (1687 turns).

pipel the Stormcaller (Octopode Air Elementalist)   Turns: 1687, Time: 00:25:43

Health: -12/86     AC:  6    Str:  7    XL:     12   Next: 77%
Magic:  17/31      EV: 14    Int: 22    God:    Vehumet [******]
Gold:   261        SH:  4    Dex: 16    Spells: 9 memorised, 8 levels left

rFire  . . .     SeeInvis +     b - staff of energy
rCold  . . .     Clarity  .     p - +1 buckler {AC+3}
rNeg   . . .     SustAt   .     k - +2 hat {MR+}
rPois  .         Gourm    .     (no amulet)
rElec  .         Spirit   .     m - +2 ring of evasion
rCorr  .         Warding  .     n - +3 ring of intelligence
rMut   .         NoTele   +     D - ring of protection from magic
MR     +++..                    N - ring of protection from magic
Stlth  +++.......               O - ring of see invisible
                                (no ring)
                                (no ring)
                                (no ring)

@: repel missiles, extremely resistant to hostile enchantments, fairly stealthy
A: almost no armour, amphibious, 8 rings, constrict 8, camouflage 1, gelatinous
body 1
a: Renounce Religion


You were in the Dungeon.
You worshipped Vehumet.
Vehumet was exalted by your worship.
You were very hungry.

You visited 1 branch You collected 1900 gold pieces.
You spent 1639 gold pieces at shops.

Inventory:

Hand weapons
 a - a +0 morningstar of protection
 B - a -2 spear
 C - a +2 halberd of protection
Missiles
 y - 6 javelins (quivered)
 F - 8 tomahawks
Armour
 k - a +2 hat of magic resistance (worn)
 p - a +1 buckler of protection (worn)
Magical staves
 b - an uncursed staff of energy (weapon)
Jewellery
 m - a +2 ring of evasion (left tentacle)
 n - a +3 ring of intelligence (right tentacle)
 D - a ring of protection from magic (on tentacle)
 N - a ring of protection from magic (on tentacle)
 O - a ring of see invisible (on tentacle)
 P - an uncursed ring of ice
 Q - an uncursed ring of ice
Magical devices
 j - a wand of draining (0)
 A - a wand of digging (12)
Scrolls
 g - 4 scrolls of remove curse
 h - 3 scrolls of blinking
 i - 2 scrolls of amnesia
 o - 2 scrolls of enchant weapon
 t - 3 scrolls of identify
 u - 4 scrolls of enchant armour
 v - 3 scrolls of fear
 w - 2 scrolls of fog
 S - a scroll of recharging
Potions
 c - 10 potions of curing
 d - a potion of invisibility
 e - 9 potions of heal wounds
 f - 2 potions of magic
 q - 6 potions of might
 E - a potion of lignification
 H - a potion of mutation
 I - a potion of ambrosia
 J - a potion of flight
 K - a potion of agility
 R - a potion of haste
Books
 l - a book of Air

   Spells                             Type                      Level
   a - Shock                          Conjuration/Air              1
   b - Swiftness                      Charms/Air                   2
   c - Repel Missiles                 Charms/Air                   2
   d - Static Discharge               Conjuration/Air              3
   e - Lightning Bolt                 Conjuration/Air              5
 s - a book of Annihilations

   Spells                             Type                      Level
   a - Poison Arrow                   Conjuration/Poison           6
   b - Chain Lightning                Conjuration/Air              8
   c - Lehudib's Crystal Spear        Conjuration/Earth            8
   d - Glaciate                       Conjuration/Ice              9
   e - Fire Storm                     Conjuration/Fire             9
Comestibles
 r - 43 fruits
 x - 17 bread rations
 z - 15 meat rations
 G - 2 slices of pizza
 L - 2 beef jerkies
 M - 2 royal jellies


   Skills:
 - Level 9.5 Fighting
 - Level 2.0 Dodging
 - Level 2.6 Stealth
 + Level 15.8 Spellcasting
 + Level 17.3 Conjurations
 + Level 17.6 Air Magic


You had 8 spell levels left.
You knew the following spells:

 Your Spells              Type           Power        Failure   Level  Hunger
a - Shock                 Conj/Air       ####         0%          1    None
b - Static Discharge      Conj/Air       #######.     0%          3    None
c - Repel Missiles        Chrm/Air       ######       1%          2    None
d - Swiftness             Chrm/Air       ######..     1%          2    None
e - Lightning Bolt        Conj/Air       #######...   1%          5    None
f - Airstrike             Air            #######...   1%          4    None
g - Mephitic Cloud        Conj/Pois/Air  ######..     1%          3    None
h - Chain Lightning       Conj/Air       #######...   10%         8    None
i - Poisonous Cloud       Conj/Pois/Air  ######....   2%          6    None


Dungeon Overview and Level Annotations

Branches:
Dungeon (1/1)

Altars:
Cheibriados
Dithmenos
Elyvilon
Fedhas
Gozag
Kikubaaqudgha
Makhleb
Nemelex Xobeh
Okawaru
Qazlal
Ru
Sif Muna
Trog
Vehumet
Xom
Yredelemnul
Zin
The Shining One
Beogh
Jiyva
Lugonu

Shops:
D **

Annotations:
D Maurice


Innate Abilities, Weirdness & Mutations

You cannot wear most types of armour.
You are amphibious.
You can wear up to eight rings at the same time.
You can use your tentacles to constrict eight enemies at once.
Your skin changes colour to match your surroundings (Stealth).
Your rubbery body absorbs attacks (AC +1).


Message History

You take 9 damage, and have 8/86 hp.
You now have 26/31 mp.
Unknown command.
Casting: Chain Lightning
Confirm with . or Enter, or press ? or * to list all spells.
Aiming: Lightning Bolt
Press: ? - help, Shift-Dir - straight line, f - deep troll earth mage
Aim: a deep troll earth mage (moderately wounded)
You hear a mighty clap of thunder!
The bolt of lightning hits the deep troll earth mage.
The deep troll earth mage is almost dead.
You now have 22/31 mp.
Casting: Lightning Bolt
Confirm with . or Enter, or press ? or * to list all spells.
Aiming: Lightning Bolt
Press: ? - help, Shift-Dir - straight line, f/p - deep troll earth mage
Aim: a deep troll earth mage (almost dead)
You hear a mighty clap of thunder!
The bolt of lightning misses the deep troll earth mage.
The deep troll earth mage bites you!!
You die...

▓▓▓▓▓▓▓▓▓▓▓▓▓▓▓▓▓▓▓▓▓▓▓▓▓▓▓▓▓▓▓▓▓
...'.....)))).))@T)[[[[[[[.......
▓▓▓▓▓▓▓▓▓▓▓▓▓▓▓▓▓▓▓▓▓▓▓▓▓▓▓▓▓▓▓▓▓
.................................
▓▓▓▓▓▓▓▓▓▓▓▓▓▓▓▓▓▓▓▓▓▓▓▓▓▓▓▓▓▓▓▓▓
.......)).))[)..)....)))))...))[.
▓▓▓▓▓▓▓▓▓▓▓▓▓▓▓▓▓▓▓▓▓▓▓▓▓▓▓▓▓▓▓▓▓
.......[.........................
▓▓▓▓▓▓▓▓▓▓▓▓▓▓▓▓▓▓▓▓▓▓▓▓▓▓▓▓▓▓▓▓▓
.'..........†..÷÷.†......††.††÷..


You could see a deep troll earth mage.

Vanquished Creatures
  Gastronok (D)
  A great orb of eyes (D)
  A hydra (D)
  2 centaur warriors (D)
  A catoblepas (D)
  2 tengu warriors (D)
  3 death yaks (D)
  Urug (D)
  7 orc high priests (D)
  3 orc knights (D)
  2 ugly things (D)
  A cyclops (D)
  2 spiny frogs (D)
  A polar bear (D)
  A blink frog (D)
  2 hippogriffs (D)
  4 yaks (D)
  Grum (D)
  3 wolves (D)
  2 water moccasins (D)
  A wasp (D)
  2 porcupines (D)
  An ice beast (D)
  12 orc warriors (D)
  A phantom (D)
  An eye of draining (shapeshifter) (D)
  An ogre (D)
  6 giant frogs (D)
  A killer bee (D)
  A scorpion (D)
  7 orc priests (D)
  3 worker ants (D)
  A hound (D)
  An iguana (D)
  4 orc wizards (D)
  A hell rat (D)
  A sheep (D)
  An adder (D)
  A river rat (D)
  A giant gecko (D)
  6 orcs (D)
  A bat skeleton (D)
  A giant cockroach (D)
  A goblin (D)
  A hobgoblin (D)
  2 jackals (D)
  A rat (D)
102 creatures vanquished.

Notes
Turn   | Place    | Note
--------------------------------------------------------------
     0 | D        | pipel the Octopode Air Elementalist began the quest for the Orb.
     0 | D        | Reached XP level 1. HP: 11/11 MP: 3/3
    13 | D        | Reached XP level 2. HP: 15/17 MP: 0/6
    71 | D        | Noticed an ice beast
    71 | D        | Noticed a scorpion
    71 | D        | Noticed a worker ant
    79 | D        | Reached skill level 4 in Spellcasting
    84 | D        | Reached skill level 1 in Fighting
    93 | D        | Killed an ice beast
    93 | D        | Reached skill level 5 in Spellcasting
    93 | D        | Reached skill level 5 in Air Magic
    93 | D        | Reached XP level 3. HP: 18/27 MP: 3/10
    93 | D        | Reached XP level 4. HP: 22/33 MP: 3/11
    94 | D        | Killed a scorpion
    94 | D        | Reached skill level 6 in Spellcasting
    94 | D        | Reached XP level 5. HP: 24/38 MP: 3/13
    97 | D        | Killed a worker ant
    97 | D        | Reached skill level 5 in Fighting
    97 | D        | Reached skill level 5 in Conjurations
   103 | D        | Found a glowing silver altar of Zin.
   103 | D        | Found a glowing golden altar of the Shining One.
   103 | D        | Found an ancient bone altar of Kikubaaqudgha.
   103 | D        | Found a basalt altar of Yredelemnul.
   103 | D        | Found a shimmering altar of Xom.
   103 | D        | Found a radiant altar of Vehumet.
   104 | D        | Found an iron altar of Okawaru.
   105 | D        | Found a burning altar of Makhleb.
   106 | D        | Found a deep blue altar of Sif Muna.
   107 | D        | Found a bloodstained altar of Trog.
   108 | D        | Found a sparkling altar of Nemelex Xobeh.
   109 | D        | Found a white marble altar of Elyvilon.
   110 | D        | Found a roughly hewn altar of Beogh.
   111 | D        | Became a worshipper of Vehumet
   112 | D        | Found a viscous altar of Jiyva.
   113 | D        | Found a corrupted altar of Lugonu.
   114 | D        | Found a blossoming altar of Fedhas.
   115 | D        | Found a snail-covered altar of Cheibriados.
   116 | D        | Found a shadowy altar of Dithmenos.
   117 | D        | Found a stormy altar of Qazlal.
   118 | D        | Found an opulent altar of Gozag.
   119 | D        | Found a sacrificial altar of Ru.
   140 | D        | Learned a level 3 spell: Static Discharge
   143 | D        | Learned a level 2 spell: Repel Missiles
   146 | D        | Learned a level 2 spell: Swiftness
   152 | D        | Learned a level 5 spell: Lightning Bolt
   300 | D        | Noticed a killer bee
   300 | D        | Noticed a phantom
   300 | D        | Noticed a worker ant
   304 | D        | Killed a killer bee
   304 | D        | Reached XP level 6. HP: 35/45 MP: 5/15
   304 | D        | Acquired Vehumet's first power
   304 | D        | Offered knowledge of Magic Dart by Vehumet.
   309 | D        | Killed a worker ant
   315 | D        | Killed a phantom
   315 | D        | Reached skill level 7 in Spellcasting
   392 | D        | Noticed an ogre
   392 | D        | Noticed a hound
   392 | D        | Noticed a wasp
   392 | D        | Noticed a worker ant
   392 | D        | Noticed a white ugly thing
   392 | D        | Noticed a tengu warrior
   395 | D        | Killed an ogre
   395 | D        | Killed a wasp
   395 | D        | Reached XP level 7. HP: 27/54 MP: 1/18
   396 | D        | Killed a hound
   396 | D        | Reached skill level 8 in Spellcasting
   396 | D        | Killed a worker ant
   396 | D        | Acquired Vehumet's second power
   398 | D        | Killed a white ugly thing
   398 | D        | Reached skill level 9 in Air Magic
   398 | D        | Reached XP level 8. HP: 31/62 MP: 1/20
   406 | D        | Killed a tengu warrior
   406 | D        | Reached skill level 10 in Air Magic
   647 | D        | Noticed a spiny frog
   647 | D        | Noticed a giant frog
   647 | D        | Noticed a porcupine
   647 | D        | Noticed a porcupine
   647 | D        | Noticed an iguana
   647 | D        | Noticed a hippogriff
   648 | D        | Killed a porcupine
   648 | D        | Offered knowledge of Throw Frost by Vehumet.
   648 | D        | Reached XP level 9. HP: 69/69 MP: 18/22
   649 | D        | Killed a porcupine
   649 | D        | Acquired Vehumet's third power
   649 | D        | Reached skill level 10 in Conjurations
   650 | D        | Noticed a blink frog
   650 | D        | Killed a giant frog
   650 | D        | Killed an iguana
   652 | D        | Noticed a water moccasin
   652 | D        | Killed a spiny frog
   652 | D        | Reached skill level 11 in Air Magic
   655 | D        | Killed a hippogriff
   656 | D        | Noticed a spiny frog
   656 | D        | Killed a blink frog
   656 | D        | Killed a water moccasin
   656 | D        | Reached skill level 10 in Spellcasting
   658 | D        | Killed a spiny frog
   658 | D        | Reached skill level 12 in Air Magic
   777 | D        | Noticed a hell rat
   777 | D        | Noticed a water moccasin
   777 | D        | Noticed a four-headed hydra
   777 | D        | Noticed a giant frog
   778 | D        | Offered knowledge of Dazzling Spray by Vehumet.
   779 | D        | Noticed a hippogriff
   779 | D        | Killed a hell rat
   781 | D        | Noticed a giant frog
   781 | D        | Killed a four-headed hydra
   781 | D        | Reached XP level 10. HP: 43/74 MP: 10/24
   781 | D        | Killed a giant frog
   781 | D        | Killed a hippogriff
   782 | D        | Noticed a polar bear
   782 | D        | Killed a water moccasin
   782 | D        | Killed a giant frog
   783 | D        | Killed a polar bear
   783 | D        | Reached skill level 13 in Air Magic
   813 | D        | Noticed a death yak
   813 | D        | Noticed a yak
   813 | D        | Noticed a death yak
   813 | D        | Noticed a yak
   813 | D        | Noticed a yak
   813 | D        | Noticed a catoblepas
   824 | D        | Killed a death yak
   828 | D        | Killed a death yak
   860 | D        | Noticed a yak
   860 | D        | Noticed a death yak
   861 | D        | Killed a yak
   862 | D        | Killed a catoblepas
   862 | D        | Reached skill level 14 in Air Magic
   862 | D        | Killed a yak
   885 | D        | Killed a death yak
   885 | D        | Reached XP level 11. HP: 28/80 MP: 17/27
   885 | D        | Killed a yak
   887 | D        | Killed a yak
   960 | D        | Noticed Maurice
   964 | D        | Noticed Urug
   992 | D        | Killed Urug
   992 | D        | Offered knowledge of Airstrike by Vehumet.
   998 | D        | Learned a level 4 spell: Airstrike
  1041 | D        | Noticed Gastronok
  1098 | D        | Killed Gastronok
  1098 | D        | Offered knowledge of Mephitic Cloud by Vehumet.
  1098 | D        | Reached skill level 15 in Air Magic
  1116 | D        | Learned a level 3 spell: Mephitic Cloud
  1141 | D        | Noticed a wolf
  1155 | D        | Noticed a wolf
  1155 | D        | Killed a wolf
  1155 | D        | Offered knowledge of Poisonous Cloud by Vehumet.
  1155 | D        | Killed a wolf
  1158 | D        | Noticed Grum
  1159 | D        | Noticed a wolf
  1160 | D        | Killed Grum
  1168 | D        | Killed a wolf
  1168 | D        | Reached skill level 15 in Conjurations
  1212 | D        | Learned a level 8 spell: Chain Lightning
  1236 | D        | Noticed an orc wizard
  1236 | D        | Noticed an orc wizard
  1236 | D        | Noticed an orc warrior
  1236 | D        | Noticed an orc knight
  1239 | D        | Noticed an orc warrior
  1240 | D        | Killed an orc wizard
  1241 | D        | Killed an orc wizard
  1242 | D        | Noticed an orc warrior
  1242 | D        | Killed an orc warrior
  1242 | D        | Killed an orc warrior
  1245 | D        | Killed an orc knight
  1245 | D        | Killed an orc warrior
  1246 | D        | Noticed an orc warrior
  1247 | D        | Killed an orc warrior
  1255 | D        | Noticed an orc priest
  1256 | D        | Killed an orc priest
  1282 | D        | Learned a level 6 spell: Poisonous Cloud
  1312 | D        | Noticed an orc warrior
  1312 | D        | Noticed an orc knight
  1312 | D        | Noticed an orc warrior
  1312 | D        | Noticed an orc warrior
  1312 | D        | Noticed an orc warrior
  1312 | D        | Noticed an orc wizard
  1314 | D        | Killed an orc warrior
  1314 | D        | Killed an orc warrior
  1314 | D        | Offered knowledge of Bolt of Draining by Vehumet.
  1315 | D        | Killed an orc wizard
  1316 | D        | Noticed an orc warrior
  1316 | D        | Killed an orc warrior
  1316 | D        | Killed an orc warrior
  1317 | D        | Killed an orc wizard
  1318 | D        | Killed an orc knight
  1319 | D        | Killed an orc warrior
  1319 | D        | Killed an orc warrior
  1322 | D        | Killed an orc warrior
  1327 | D        | Noticed an orc knight
  1329 | D        | Noticed an orc warrior
  1335 | D        | Killed an orc knight
  1340 | D        | Killed an orc warrior
  1340 | D        | Reached skill level 16 in Air Magic
  1393 | D        | Found Qiaburph's Distillery.
  1393 | D        | Noticed an orc high priest
  1393 | D        | Noticed an orc priest
  1393 | D        | Noticed an orc priest
  1393 | D        | Noticed an orc high priest
  1393 | D        | Noticed an orc priest
  1395 | D        | Noticed a soul eater
  1395 | D        | Killed an orc priest
  1395 | D        | Killed an orc priest
  1395 | D        | Killed an orc high priest
  1395 | D        | Reached XP level 12. HP: 86/86 MP: 26/30
  1396 | D        | Killed an orc high priest
  1396 | D        | Killed an orc priest
  1398 | D        | Killed an orc priest
  1407 | D        | Noticed an orc high priest
  1411 | D        | Killed an orc high priest
  1412 | D        | Noticed an orc high priest
  1422 | D        | Killed an orc high priest
  1425 | D        | Killed an orc high priest
  1425 | D        | Reached skill level 15 in Spellcasting
  1427 | D        | Killed an orc high priest
  1440 | D        | Noticed an orc high priest
  1443 | D        | Killed an orc high priest
  1445 | D        | Noticed an orc priest
  1446 | D        | Killed an orc priest
  1464 | D        | Noticed an orc priest
  1466 | D        | Killed an orc priest
  1472 | D        | Found Funitae's General Store.
  1478 | D        | Found Xagalown's General Store.
  1482 | D        | Found Ulucieh's Food Shoppe.
  1494 | D        | Bought a scroll of identify for 24 gold pieces
  1494 | D        | Bought an uncursed ring of protection from magic for 300 gold pieces
  1496 | D        | Bought a scroll of identify for 26 gold pieces
  1496 | D        | Bought a scroll of fear for 45 gold pieces
  1496 | D        | Bought a potion of lignification for 39 gold pieces
  1496 | D        | Bought 8 tomahawks for 52 gold pieces
  1496 | D        | Bought a slice of pizza for 19 gold pieces
  1498 | D        | Bought a potion of curing for 42 gold pieces
  1498 | D        | Bought a potion of mutation for 35 gold pieces
  1498 | D        | Bought a potion of magic for 112 gold pieces
  1498 | D        | Bought a potion of curing for 42 gold pieces
  1498 | D        | Bought a potion of ambrosia for 112 gold pieces
  1498 | D        | Bought a potion of curing for 42 gold pieces
  1498 | D        | Bought a potion of flight for 42 gold pieces
  1498 | D        | Bought a potion of might for 56 gold pieces
  1502 | D        | Bought a potion of agility for 48 gold pieces
  1502 | D        | Bought a slice of pizza for 18 gold pieces
  1502 | D        | Bought a scroll of remove curse for 36 gold pieces
  1504 | D        | Bought a meat ration for 55 gold pieces
  1504 | D        | Bought a bread ration for 55 gold pieces
  1504 | D        | Bought a meat ration for 55 gold pieces
  1504 | D        | Bought a beef jerky for 16 gold pieces
  1504 | D        | Bought a bread ration for 55 gold pieces
  1504 | D        | Bought a bread ration for 55 gold pieces
  1504 | D        | Bought a beef jerky for 16 gold pieces
  1504 | D        | Bought a bread ration for 55 gold pieces
  1504 | D        | Bought a royal jelly for 22 gold pieces
  1504 | D        | Bought 2 fruits for 33 gold pieces
  1504 | D        | Bought a royal jelly for 22 gold pieces
  1504 | D        | Bought a bread ration for 55 gold pieces
  1504 | D        | Bought a meat ration for 55 gold pieces
  1651 | D        | Noticed a giant frog
  1651 | D        | Noticed a tengu warrior
  1651 | D        | Noticed a cyan ugly thing
  1651 | D        | Noticed a centaur warrior
  1651 | D        | Noticed a giant frog
  1651 | D        | Noticed an eye of draining
  1652 | D        | Killed a giant frog
  1652 | D        | Killed a giant frog
  1652 | D        | Offered knowledge of Conjure Ball Lightning by Vehumet.
  1653 | D        | Killed a tengu warrior
  1653 | D        | Reached skill level 17 in Air Magic
  1654 | D        | Noticed a cyclops
  1655 | D        | Killed an eye of draining
  1656 | D        | Noticed a giant frog
  1656 | D        | Killed a centaur warrior
  1656 | D        | Killed a cyclops
  1659 | D        | Noticed a great orb of eyes
  1661 | D        | Noticed a centaur warrior
  1661 | D        | Noticed a deep troll earth mage
  1662 | D        | Killed a cyan ugly thing
  1683 | D        | Killed a giant frog
  1685 | D        | Killed a centaur warrior
  1685 | D        | Killed a great orb of eyes
  1687 | D        | Mangled by a deep troll earth mage

Vault maps used:
D:        linesprint

Action                   |  1- 3 |  4- 6 |  7- 9 | 10-12 || total
-------------------------+-------+-------+-------+-------++-------
Melee: Unarmed           |    12 |     3 |       |       ||    15
       Halberd           |       |     7 |     3 |       ||    10
       Staff             |       |       |       |     6 ||     6
       Morningstar       |       |       |       |     4 ||     4
 Cast: Shock             |    11 |     5 |       |    20 ||    36
       Static Discharge  |       |     2 |     1 |     4 ||     7
       Lightning Bolt    |       |     2 |    14 |    60 ||    76
       Repel Missiles    |       |       |     1 |       ||     1
       Swiftness         |       |       |       |     1 ||     1
       Airstrike         |       |       |       |     7 ||     7
       Poisonous Cloud   |       |       |       |     3 ||     3
       Chain Lightning   |       |       |       |     5 ||     5
Evoke: Wand              |       |       |     7 |       ||     7
       Staff of energy   |       |       |       |    63 ||    63
  Use: Potion            |     4 |       |     1 |     2 ||     7
 Stab: Sleeping          |     1 |       |       |       ||     1
  Eat: Bread ration      |       |       |     1 |       ||     1
       Chunk             |       |       |       |     2 ||     2
       Fruit             |       |       |       |     1 ||     1
